 Dungeon Crawl Stone Soup version 0.27-a0-1256-gced786f65e (console) character file.

Game seed: 7388803356257384614

33 jejorda2 the Slasher (level 3, -4/30 HPs)
             Began as a Merfolk Berserker on June 10, 2021.
             Was a Follower of Trog.
             Slain by a gnoll
             ... wielding a +0 whip
              (6 damage)
             ... on level 1 of the Dungeon.
             The game lasted 00:02:27 (1320 turns).

jejorda2 the Slasher (Merfolk Berserker)            Turns: 1320, Time: 00:02:27

Health: -4/30      AC:  5    Str: 18    XL:     3   Next: 29%
Magic:  3/3        EV: 11    Int:  6    God:    Trog [*.....]
Gold:   36         SH:  0    Dex: 13    Spells: 2/2 levels left

rFire    . . .     SeeInvis .   a - +0 falchion
rCold    . . .     Faith    .   (no shield)
rNeg     . . .     Spirit   .   c - +0 ring mail
rPois    .         Reflect  .   (no helmet)
rElec    .         Harm     .   (no cloak)
rCorr    .         Rampage  .   (no gloves)
Will     .....                  (no boots)
Stlth    +.........             (no amulet)
HPRegen  0.10/turn              (no ring)
MPRegen  0.08/turn              (no ring)

@: no status effects
A: (nimble swimmer 2), mertail
a: Renounce Religion, Berserk


You were on level 1 of the Dungeon.
You worshipped Trog.
Trog was aware of your devotion.
You visited 1 branch of the dungeon, and saw 2 of its levels.

You collected 36 gold pieces.

Inventory:

Hand Weapons
 a - a +0 falchion (weapon)
Armour
 c - a +0 ring mail (worn)
Scrolls
 d - 3 scrolls of identify {unknown}
 e - a scroll of enchant armour {unknown}


   Skills:
 + Level 3.7 Fighting
 * Level 4.1 Long Blades
 + Level 1.7 Armour
 - Level 2.6 Dodging


You had 2 spell levels left.
You didn't know any spells.
Your spell library was empty.

Dungeon Overview and Level Annotations

Branches:
Dungeon (2/15)

Altars:


Innate Abilities, Weirdness & Mutations

((You are quick and stealthy near water. (Stealth+, EV+, Speed+++)))
Your lower body shifts to a powerful aquatic tail in water.


Message History

The bat completely misses you.
There is a stone staircase leading up, spattered with blood here.
The bat completely misses you.
The gnoll throws a boomerang.
The boomerang hits you but does no damage.
You climb upwards.
Your hearing returns.
There is a stone staircase leading down here.
HP restored.
Done exploring.
You climb downwards.
The bat hits you but does no damage. The gnoll hits you with a +0 whip.
The gnoll throws a boomerang.
The boomerang hits you. The gnoll hits you with a +0 whip.
There is a stone staircase leading up, spattered with blood here.
The bat hits you but does no damage. The gnoll closely misses you.
You climb upwards.
There is a stone staircase leading down here.
You hit the gnoll.
The gnoll is lightly wounded.
The gnoll barely misses you.
You hit the gnoll but do no damage.
The gnoll is lightly wounded.
The gnoll hits you with a +0 whip.
You barely miss the gnoll.
The gnoll is lightly wounded.
The gnoll hits you with a +0 whip.
You hit the gnoll but do no damage.
The gnoll is lightly wounded.
The gnoll hits you with a +0 whip!
* * * LOW HITPOINT WARNING * * *
You hit the gnoll.
The gnoll is heavily wounded.
The gnoll barely misses you.
You closely miss the gnoll.
The gnoll is heavily wounded.
The gnoll hits you with a +0 whip.
* * * LOW HITPOINT WARNING * * *
You barely miss the gnoll.
The gnoll is heavily wounded.
The gnoll hits you with a +0 whip.
You die...

.................#..........#
########.#.....#.#.##########
# #.###.###.#.# #
#.##...##.#.# ########### #
#...........# #.......... #
#.##...##.#.# #.##.###### #
#.###.###.#.# #.##.# #. #
#.###.###g#.####.##.# #.
#........@(.........# #.
###########......#### #.
######## #. ##


You could see a gnoll.

Vanquished Creatures
  A gnoll (D:1)
  2 dart slugs
  2 endoplasms (D:1)
  2 giant cockroaches (D:2)
  A goblin (D:2)
  2 hobgoblins (D:1)
  A quokka (D:1)
  3 ball pythons
  3 bats (D:1)
  2 frilled lizards
19 creatures vanquished.

Notes
Turn   | Place    | Note
-------+----------+-------------------------------------------
     0 | D:1      | jejorda2 the Merfolk Berserker began the quest for the Orb.
     0 | D:1      | Reached XP level 1. HP: 18/18 MP: 1/1
   290 | D:1      | Reached XP level 2. HP: 23/24 MP: 2/2
   906 | D:1      | Reached XP level 3. HP: 21/29 MP: 3/3
   999 | D:2      | Reached skill level 4 in Long Blades
  1320 | D:1      | Slain by a gnoll

Illustrated notes

Levels and vault maps discovered:
D:1:      minmay_arrival_glassed_features, layout_loops_ring
D:2:      layout_loops_corners, shapermc_ecumenical_altar_mp_vishouse,
          glass_columns_a, minmay_fractal_squares_5, uniq_terence

Skill      XL: |  1  2  3 |
---------------+----------+-----
Long Blades    | 4 |  4.1
Fighting       | |  3.7
Armour         | |  1.7
Dodging        | |  2.6

Action                   || total
-------------------------++-------
Melee: Falchion          ||    67
  Use: Scroll            ||     1
Armor: Ring mail         ||    46
Dodge: Dodged            ||    50
       Rpst.: Falchion   ||    16

Table legend: (Time is in decaauts)
 A = Elapsed time spent in this place.
 B = Non-inter-level travel time spent in this place.
 C = Inter-level travel time spent in this place.
 D = Time resting spent in this place.
 E = Time spent auto-exploring this place.
 F = Levels seen in this place.
 G = Mean time per level.
                   A        B        C        D        E       F      G
               +--------+--------+--------+--------+--------+-----+--------+
         Total |   1330 |   1299 |     31 |      0 |   1082 |   2 |  665.0 |
       Dungeon |   1330 |   1299 |     31 |      0 |   1082 |   2 |  665.0 |
               +--------+--------+--------+--------+--------+-----+--------+

Top non-repeatable levels by time:
     D:1: 1167 daAuts
     D:2: 162 daAuts
